PR
OGALLALA OCTOPI @ TULSA OTTERS
07/18/2033
 
TOP OF THE 1ST
Ogallala Octopi batting - Pitching for Tulsa Otters : LHP Riccardo Muijlwijk
Pitching: LHP Riccardo Muijlwijk
Batting: RHB Salvador Gisbert 0-0: Called Strike
0-1: Called Strike
0-2: Foul Ball, location: 2F
0-2: Ball
1-2: Foul Ball, location: 2F
1-2: Foul Ball, location: 2F
1-2: Ball
2-2: Foul Ball, location: 2F
2-2: Fly out, F2 (Popup, 3SF)
Batting: RHB Lenny Minto 0-0: Called Strike
0-1: Ground out 4-3 (Groundball, 4)
Batting: RHB Isagani Gorre 0-0: Called Strike
0-1: Ball
1-1: Called Strike
1-2: Ball
2-2: Strikes out looking
Top of the 1st over - 0 runs, 0 hits, 0 errors, 0 left on base; Ogallala 0 - Tulsa 0
BOTTOM OF THE 1ST
Tulsa Otters batting - Pitching for Ogallala Octopi : LHP Miguel Ávila
Pitching: LHP Miguel Ávila
Batting: RHB Pat Hopkins 0-0: Fly out, F6 (Flyball, 56D)
Batting: RHB Bill Cobb 0-0: Foul Ball, location: 2F
0-1: Called Strike
0-2: Ball
1-2: Ball
2-2: Foul Ball, location: 2F
2-2: Strikes out swinging
Batting: RHB Jaypee Layug 0-0: Ball
1-0: Called Strike
1-1: Called Strike
1-2: Ball
2-2: Foul Ball, location: 2F
2-2: Foul Ball, location: 2F
2-2: Ball
3-2: Strikes out swinging
Bottom of the 1st over - 0 runs, 0 hits, 0 errors, 0 left on base; Ogallala 0 - Tulsa 0
TOP OF THE 2ND
Ogallala Octopi batting - Pitching for Tulsa Otters : LHP Riccardo Muijlwijk
Batting: LHB Lauren Hilfiker 0-0: Foul Ball, location: 2F
0-1: Foul Ball, location: 2F
0-2: Ball
1-2: Hit by Pitch
Batting: RHB Phil van Oosterom 0-0: Swinging Strike
0-1: Ball
1-1: Grounds into double play, 6-4-3 (Groundball, 6)
Batting: RHB Maverik Buffo 0-0: Called Strike
0-1: Ball
1-1: Foul Ball, location: 2F
1-2: Foul Ball, location: 2F
1-2: Foul Ball, location: 2F
1-2: Fly out, F4 (Line Drive, 4)
Top of the 2nd over - 0 runs, 0 hits, 0 errors, 0 left on base; Ogallala 0 - Tulsa 0
BOTTOM OF THE 2ND
Tulsa Otters batting - Pitching for Ogallala Octopi : LHP Miguel Ávila
Batting: RHB David Snider 0-0: Called Strike
0-1: Ball
1-1: Ball
2-1: Ball
3-1: Called Strike
3-2: SINGLE (Groundball, 6MD)
Batting: SHB Naif Na'Il bin Musa 0-0: Ball
1-0: Called Strike
1-1: Ball
2-1: Ball
3-1: Fly out, F6 (Popup, P)
Batting: RHB Zee-loo Li 0-0: Called Strike
0-1: Called Strike
0-2: Ball
1-2: Strikes out swinging
Batting: RHB Jim Schroeder 0-0: Swinging Strike
0-1: Called Strike
0-2: Strikes out looking
Bottom of the 2nd over - 0 runs, 1 hit, 0 errors, 1 left on base; Ogallala 0 - Tulsa 0
TOP OF THE 3RD
Ogallala Octopi batting - Pitching for Tulsa Otters : LHP Riccardo Muijlwijk
Batting: RHB Alejandro Cantú 0-0: Called Strike
0-1: Ball
1-1: Ball
2-1: Swinging Strike
2-2: Ball
3-2: Hit by Pitch
Batting: RHB Ricardo Torres 0-0: Called Strike
0-1: Ball
1-1: Swinging Strike
1-2: Strikes out looking
Batting: SHB Jorge Díaz 0-0: Ball
1-0: Ball
2-0: Fly out, F9 (Flyball, 9S)
Batting: RHB Salvador Gisbert 0-0: Called Strike
0-1: Ball
1-1: Foul Ball, location: 2F
1-2: Ball
2-2: Strikes out swinging
Top of the 3rd over - 0 runs, 0 hits, 0 errors, 1 left on base; Ogallala 0 - Tulsa 0
BOTTOM OF THE 3RD
Tulsa Otters batting - Pitching for Ogallala Octopi : LHP Miguel Ávila
Batting: RHB Charlie Passell 0-0: Ball
1-0: Ball
2-0: Ball
3-0: Base on Balls
Batting: RHB Tim Robinson 0-0: Ball
1-0: Grounds into double play, 6-4-3 (Groundball, 6)
Batting: RHB Pat Hopkins 0-0: Foul Ball, location: 2F
0-1: Called Strike
0-2: Foul Ball, location: 2F
0-2: Ball
1-2: Ball
2-2: Fly out, F8 (Flyball, 89M)
Bottom of the 3rd over - 0 runs, 0 hits, 0 errors, 0 left on base; Ogallala 0 - Tulsa 0
TOP OF THE 4TH
Ogallala Octopi batting - Pitching for Tulsa Otters : LHP Riccardo Muijlwijk
Batting: RHB Lenny Minto 0-0: Ball
1-0: Foul Ball, location: 2F
1-1: Ground out 4-3 (Groundball, 4)
Batting: RHB Isagani Gorre 0-0: Called Strike
0-1: Ground out 1-3 (Groundball, 13S)
Batting: LHB Lauren Hilfiker 0-0: Ball
1-0: Called Strike
1-1: Ball
2-1: SINGLE (Groundball, 4M) (infield hit)
Batting: RHB Phil van Oosterom 0-0: Called Strike
0-1: Ball
1-1: Ball
2-1: Called Strike
2-2: Foul Ball, location: 2F
2-2: Ball
3-2: Base on Balls
Lauren Hilfiker to second
Batting: RHB Maverik Buffo 0-0: Ball
1-0: Swinging Strike
1-1: Foul Ball, location: 2F
1-2: Foul Ball, location: 2F
1-2: Foul Ball, location: 2F
1-2: Foul Ball, location: 2F
1-2: Strikes out swinging, 2-3 out at first.
Top of the 4th over - 0 runs, 1 hit, 0 errors, 2 left on base; Ogallala 0 - Tulsa 0
BOTTOM OF THE 4TH
Tulsa Otters batting - Pitching for Ogallala Octopi : LHP Miguel Ávila
Batting: RHB Bill Cobb 0-0: Ball
1-0: Ball
2-0: Foul Ball, location: 2F
2-1: Foul Ball, location: 2F
2-2: Strikes out swinging
Batting: RHB Jaypee Layug 0-0: Ball
1-0: Fly out, F8 (Flyball, 8LS)
Batting: RHB David Snider 0-0: Ball
1-0: Foul Ball, location: 2F
1-1: Ground out 3-1 (Groundball, 34)
Bottom of the 4th over - 0 runs, 0 hits, 0 errors, 0 left on base; Ogallala 0 - Tulsa 0
TOP OF THE 5TH
Ogallala Octopi batting - Pitching for Tulsa Otters : LHP Riccardo Muijlwijk
Batting: RHB Alejandro Cantú 0-0: Foul Ball, location: 2F
0-1: Ball
1-1: Ball
2-1: Ball
3-1: Base on Balls
Batting: RHB Ricardo Torres 0-0: Sac Bunt - play at second, runner OUT! 1-6
Batting: SHB Jorge Díaz 0-0: Ball
Ricardo Torres steals 2nd base
1-0: Called Strike
1-1: Ball
2-1: Foul Ball, location: 2F
2-2: Foul Ball, location: 2F
2-2: Foul Ball, location: 2F
2-2: Foul Ball, location: 2F
2-2: Foul Ball, location: 2F
2-2: Ball
3-2: Fly out, F9 (Flyball, 9LSF)
Batting: RHB Salvador Gisbert 0-0: Ball
1-0: SINGLE (Line Drive, 4D)
Ricardo Torres to third
Batting: RHB Lenny Minto 0-0: Reached on error, E6 (Groundball, 6)
Ricardo Torres scores
Salvador Gisbert to second
Batting: RHB Isagani Gorre 0-0: Ball
1-0: Ball
2-0: Called Strike
2-1: Ball
3-1: Called Strike
3-2: Fly out, F9 (Flyball, 89M)
Top of the 5th over - 1 run, 1 hit, 1 error, 2 left on base; Ogallala 1 - Tulsa 0
BOTTOM OF THE 5TH
Tulsa Otters batting - Pitching for Ogallala Octopi : LHP Miguel Ávila
Batting: SHB Naif Na'Il bin Musa 0-0: Fly out, F5 (Flyball, 56D)
Batting: RHB Zee-loo Li 0-0: Swinging Strike
0-1: Called Strike
0-2: Ground out 5-3 (Groundball, 56)
Batting: RHB Jim Schroeder 0-0: Foul Ball, location: 2F
0-1: Called Strike
0-2: Ball
1-2: Foul Ball, location: 2F
1-2: Ball
2-2: Ground out 1-3 (Groundball, 13S)
Bottom of the 5th over - 0 runs, 0 hits, 0 errors, 0 left on base; Ogallala 1 - Tulsa 0
TOP OF THE 6TH
Ogallala Octopi batting - Pitching for Tulsa Otters : LHP Riccardo Muijlwijk
Batting: LHB Lauren Hilfiker 0-0: Ball
1-0: Foul Ball, location: 2F
1-1: Ball
2-1: Foul Ball, location: 2F
2-2: Strikes out swinging
Pitching: LHP Mike Joyce
Batting: RHB Phil van Oosterom 0-0: Called Strike
0-1: Swinging Strike
0-2: Fly out, F8 (Flyball, 8LM)
Batting: RHB Maverik Buffo 0-0: Called Strike
0-1: Ball
1-1: Ball
2-1: Called Strike
2-2: Ground out 4-3 (Groundball, 4)
Top of the 6th over - 0 runs, 0 hits, 0 errors, 0 left on base; Ogallala 1 - Tulsa 0
BOTTOM OF THE 6TH
Tulsa Otters batting - Pitching for Ogallala Octopi : LHP Miguel Ávila
Batting: RHB Charlie Passell 0-0: Called Strike
0-1: Ball
1-1: Ball
2-1: Foul Ball, location: 2F
2-2: Foul Ball, location: 2F
2-2: SINGLE (Flyball, 89S)
Batting: RHB Tim Robinson 0-0: Sac Bunt - play at first, batter OUT! 5-3
Charlie Passell to second
Batting: RHB Pat Hopkins 0-0: Ball
1-0: Called Strike
1-1: Ball
2-1: Foul Ball, location: 2F
2-2: Strikes out swinging
Batting: RHB Bill Cobb 0-0: Ball
1-0: Ball
Wild Pitch!
Charlie Passell to third
2-0: Ball
3-0: Called Strike
3-1: Foul Ball, location: 2F
3-2: Foul Ball, location: 2F
3-2: Foul Ball, location: 2F
3-2: Strikes out looking
Bottom of the 6th over - 0 runs, 1 hit, 0 errors, 1 left on base; Ogallala 1 - Tulsa 0
TOP OF THE 7TH
Ogallala Octopi batting - Pitching for Tulsa Otters : LHP Mike Joyce
Batting: RHB Alejandro Cantú 0-0: Ball
1-0: Foul Ball, location: 2F
1-1: Ball
2-1: Swinging Strike
2-2: Ball
3-2: Strikes out swinging, 2-3 out at first.
Batting: RHB Ricardo Torres 0-0: Called Strike
0-1: Hit by Pitch
Pinch Hitting: SHB Milojica Kordic 0-0: Called Strike
0-1: Ball
1-1: Fly out, F8 (Flyball, 78D)
Batting: RHB Salvador Gisbert 0-0: Swinging Strike
0-1: Ball
1-1: Foul Ball, location: 2F
1-2: Foul Ball, location: 2F
1-2: Strikes out swinging
Top of the 7th over - 0 runs, 0 hits, 0 errors, 1 left on base; Ogallala 1 - Tulsa 0
BOTTOM OF THE 7TH
Tulsa Otters batting - Pitching for Ogallala Octopi : LHP Miguel Ávila
Now at 2B: Milojica Kordic
Batting: RHB Jaypee Layug 0-0: SINGLE (Groundball, 56D)
Batting: RHB David Snider 0-0: Ball
1-0: Called Strike
Jaypee Layug steals 2nd base
1-1: Foul Ball, location: 2F
1-2: SINGLE (Line Drive, 78S)
Jaypee Layug to third
Batting: SHB Naif Na'Il bin Musa 0-0: Swinging Strike
0-1: Called Strike
0-2: Strikes out swinging
Batting: RHB Zee-loo Li 0-0: Called Strike
0-1: Fly out, F7 (Flyball, 7)
Runner from 3rd tags up, SCORES, throw made
Pinch Hitting: RHB Bob Arroyo 0-0: Called Strike
0-1: Foul Ball, location: 2F
0-2: Fly out, F8 (Flyball, 8RS)
Bottom of the 7th over - 1 run, 2 hits, 0 errors, 1 left on base; Ogallala 1 - Tulsa 1
TOP OF THE 8TH
Ogallala Octopi batting - Pitching for Tulsa Otters : LHP Mike Joyce
Now at 1B: Bob Arroyo
Batting: RHB Lenny Minto 0-0: Called Strike
0-1: Ball
1-1: Ball
2-1: Foul Ball, location: 2F
2-2: Strikes out swinging
Batting: RHB Isagani Gorre 0-0: Called Strike
0-1: Foul Ball, location: 2F
0-2: Ball
1-2: Ball
2-2: Foul Ball, location: 2F
2-2: Ball
3-2: Base on Balls
Batting: LHB Lauren Hilfiker 0-0: Ball
Isagani Gorre is caught stealing 2nd base
1-0: Ball
2-0: Called Strike
2-1: SINGLE (Line Drive, 9LS)
Pinch Runner at 1st Enrique Torres:
Batting: RHB Phil van Oosterom 0-0: Ball
1-0: Foul Ball, location: 2F
1-1: Foul Ball, location: 2F
1-2: Strikes out swinging
Top of the 8th over - 0 runs, 1 hit, 0 errors, 1 left on base; Ogallala 1 - Tulsa 1
BOTTOM OF THE 8TH
Tulsa Otters batting - Pitching for Ogallala Octopi : LHP Miguel Ávila
Now in LF: Enrique Torres
Batting: RHB Charlie Passell 0-0: Swinging Strike
0-1: Called Strike
0-2: Strikes out looking
Pitching: RHP Ángel Herrera
Batting: RHB Tim Robinson 0-0: Called Strike
0-1: Ball
1-1: Called Strike
1-2: Foul Ball, location: 2F
1-2: Ball
2-2: Ball
3-2: Ground out 1-3 (Groundball, P)
Batting: RHB Pat Hopkins 0-0: Foul Ball, location: 2F
0-1: Ball
1-1: Swinging Strike
1-2: Ball
2-2: Ball
3-2: Ground out 1-3 (Groundball, 15S)
Bottom of the 8th over - 0 runs, 0 hits, 0 errors, 0 left on base; Ogallala 1 - Tulsa 1
TOP OF THE 9TH
Ogallala Octopi batting - Pitching for Tulsa Otters : LHP Mike Joyce
Pitching: LHP Mark Morgan
Batting: RHB Maverik Buffo 0-0: Called Strike
0-1: Called Strike
0-2: Strikes out swinging
Batting: RHB Alejandro Cantú 0-0: Swinging Strike
0-1: Ball
1-1: Swinging Strike
1-2: Foul Ball, location: 2F
1-2: Strikes out swinging
Batting: RHB Ricardo Torres 0-0: Ball
1-0: Swinging Strike
1-1: Foul Ball, location: 2F
1-2: Strikes out looking
Top of the 9th over - 0 runs, 0 hits, 0 errors, 0 left on base; Ogallala 1 - Tulsa 1
BOTTOM OF THE 9TH
Tulsa Otters batting - Pitching for Ogallala Octopi : RHP Ángel Herrera
Pinch Hitting: RHB Fernando Flores 0-0: Called Strike
0-1: Called Strike
0-2: TRIPLE (Flyball, 8LXD)
Batting: RHB Jaypee Layug 0-0: Ball
1-0: Ground out 1-3 (Groundball, P)
Batting: RHB David Snider 0-0: Intentional Walk
Batting: SHB Naif Na'Il bin Musa 0-0: Called Strike
0-1: Swinging Strike
0-2: Ball
1-2: Ball
2-2: Strikes out swinging
Batting: RHB Zee-loo Li 0-0: Ball
1-0: Ball
2-0: Swinging Strike
2-1: Ball
3-1: Called Strike
3-2: Foul Ball, location: 2F
3-2: Foul Ball, location: 2F
3-2: Strikes out looking
Bottom of the 9th over - 0 runs, 1 hit, 0 errors, 2 left on base; Ogallala 1 - Tulsa 1
TOP OF THE 10TH
Ogallala Octopi batting - Pitching for Tulsa Otters : LHP Mark Morgan
Now at SS: Fernando Flores
Batting: SHB Milojica Kordic 0-0: SOLO HOME RUN (Flyball, 78XD), Distance : 416 ft
Batting: RHB Salvador Gisbert 0-0: Ball
1-0: Fly out, F4 (Line Drive, 4)
Batting: RHB Lenny Minto 0-0: Ball
1-0: Ball
2-0: Called Strike
2-1: Foul Ball, location: 2F
2-2: Fly out, F4 (Popup, 4)
Batting: RHB Isagani Gorre 0-0: Called Strike
0-1: Swinging Strike
0-2: Strikes out swinging
Top of the 10th over - 1 run, 1 hit, 0 errors, 0 left on base; Ogallala 2 - Tulsa 1
BOTTOM OF THE 10TH
Tulsa Otters batting - Pitching for Ogallala Octopi : RHP Ángel Herrera
Now in RF: Mauro López
Batting: RHB Bob Arroyo 0-0: Ball
1-0: Foul Ball, location: 2F
1-1: Ball
2-1: Foul Ball, location: 2F
2-2: SINGLE (Groundball, 6MD)
Batting: RHB Charlie Passell 0-0: Ball
1-0: Ball
2-0: Foul Ball, location: 2F
2-1: Foul Ball, location: 2F
2-2: Ball
3-2: Fly out, F7 (Flyball, 7LM)
Batting: RHB Tim Robinson 0-0: Fly out, F8 (Flyball, 8LS)
Batting: RHB Pat Hopkins 0-0: Ball
1-0: Ball
2-0: Ball
3-0: Called Strike
3-1: Base on Balls
Bob Arroyo to second
Batting: RHB Fernando Flores 0-0: Foul Ball, location: 2F
0-1: Ball
1-1: Swinging Strike
1-2: Ball
2-2: Strikes out swinging
Bottom of the 10th over - 0 runs, 1 hit, 0 errors, 2 left on base; Ogallala 2 - Tulsa 1
Saturday, December 22nd, 2018 - OOTP Baseball 18.8 Build 76